Workbook

Sheet Lançamentos
A1: ID | B1: Data | C1: Tipo | D1: Descrição | E1: Categoria | F1: Documento/NF-e | G1: Cliente/Fornecedor | H1: Conta bancária | I1: Valor interno (R$) | J1: Data do extrato | K1: Valor do extrato (R$) | L1: Diferença (R$) | M1: Status da conciliação | N1: Observação | O1: Mês/Ano
A2: LC-2026-001 | B2: 46267 | C2: Crédito | D2: Recebimento de cliente | E2: =IF(D2="","",IFERROR(VLOOKUP(D2,'Auxiliar'!$A$2:$B$9,2,FALSE),"Não classificado")) | F2: NFS-e 9821 | G2: João Silva - São Paulo | H2: Conta Corrente - Banco Alfa | I2: 18500 | J2: 46267 | K2: 18500 | L2: =IF(A2="","",IFERROR(K2-I2,0)) | M2: =IF(A2="","",IF(K2="","Pendente",IF(ABS(L2)<=0.01,"Conciliado","Divergente"))) | N2: Recebimento por NF-e confirmado no extrato. | O2: =IF(B2="","",TEXT(B2,"mm/aaaa"))
A3: LC-2026-002 | B3: 46267 | C3: Débito | D3: Pagamento de fornecedor | E3: =IF(D3="","",IFERROR(VLOOKUP(D3,'Auxiliar'!$A$2:$B$9,2,FALSE),"Não classificado")) | F3: NF 4765 | G3: Maria Oliveira - Curitiba | H3: Conta Corrente - Banco Alfa | I3: 7350 | J3: 46267 | K3: 7350 | L3: =IF(A3="","",IFERROR(K3-I3,0)) | M3: =IF(A3="","",IF(K3="","Pendente",IF(ABS(L3)<=0.01,"Conciliado","Divergente"))) | N3: Pagamento de materiais homologado. | O3: =IF(B3="","",TEXT(B3,"mm/aaaa"))
A4: LC-2026-003 | B4: 46268 | C4: Débito | D4: Tarifa bancária | E4: =IF(D4="","",IFERROR(VLOOKUP(D4,'Auxiliar'!$A$2:$B$9,2,FALSE),"Não classificado")) | F4: TAR-0903 | G4: Banco Alfa - São Paulo | H4: Conta Corrente - Banco Alfa | I4: 85 | J4: 46268 | K4: 85 | L4: =IF(A4="","",IFERROR(K4-I4,0)) | M4: =IF(A4="","",IF(K4="","Pendente",IF(ABS(L4)<=0.01,"Conciliado","Divergente"))) | N4: Tarifa mensal de manutenção. | O4: =IF(B4="","",TEXT(B4,"mm/aaaa"))
A5: LC-2026-004 | B5: 46268 | C5: Débito | D5: DAS/Simples Nacional | E5: =IF(D5="","",IFERROR(VLOOKUP(D5,'Auxiliar'!$A$2:$B$9,2,FALSE),"Não classificado")) | F5: DAS 09/2026 | G5: Receita Federal - Campinas | H5: Conta Corrente - Banco Alfa | I5: 1240 | J5: 46268 | K5: 1240 | L5: =IF(A5="","",IFERROR(K5-I5,0)) | M5: =IF(A5="","",IF(K5="","Pendente",IF(ABS(L5)<=0.01,"Conciliado","Divergente"))) | N5: Tributo mensal quitado. | O5: =IF(B5="","",TEXT(B5,"mm/aaaa"))
A6: LC-2026-005 | B6: 46269 | C6: Débito | D6: Transferência entre contas | E6: =IF(D6="","",IFERROR(VLOOKUP(D6,'Auxiliar'!$A$2:$B$9,2,FALSE),"Não classificado")) | F6: TED 20458 | G6: Carlos Pereira - Campinas | H6: Conta Corrente - Banco Alfa | I6: 10200 | J6: 46269 | K6: 10200 | L6: =IF(A6="","",IFERROR(K6-I6,0)) | M6: =IF(A6="","",IF(K6="","Pendente",IF(ABS(L6)<=0.01,"Conciliado","Divergente"))) | N6: Transferência para conta de aplicação. | O6: =IF(B6="","",TEXT(B6,"mm/aaaa"))
A7: LC-2026-006 | B7: 46269 | C7: Débito | D7: INSS/FGTS | E7: =IF(D7="","",IFERROR(VLOOKUP(D7,'Auxiliar'!$A$2:$B$9,2,FALSE),"Não classificado")) | F7: GPS 09/2026 | G7: Pedro Santos - Belo Horizonte | H7: Conta Corrente - Banco Alfa | I7: 4900 | J7: 46269 | K7: 4899 | L7: =IF(A7="","",IFERROR(K7-I7,0)) | M7: =IF(A7="","",IF(K7="","Pendente",IF(ABS(L7)<=0.01,"Conciliado","Divergente"))) | N7: Diferença a validar com o comprovante de pagamento. | O7: =IF(B7="","",TEXT(B7,"mm/aaaa"))
A8: LC-2026-007 | B8: 46270 | C8: Crédito | D8: Recebimento de cliente | E8: =IF(D8="","",IFERROR(VLOOKUP(D8,'Auxiliar'!$A$2:$B$9,2,FALSE),"Não classificado")) | F8: PIX 551893 | G8: Ana Souza - Rio de Janeiro | H8: Conta Movimento - Banco Beta | I8: 6780 | J8: 46270 | K8: 6780 | L8: =IF(A8="","",IFERROR(K8-I8,0)) | M8: =IF(A8="","",IF(K8="","Pendente",IF(ABS(L8)<=0.01,"Conciliado","Divergente"))) | N8: PIX recebido e identificado. | O8: =IF(B8="","",TEXT(B8,"mm/aaaa"))
A9: LC-2026-008 | B9: 46271 | C9: Débito | D9: Pagamento de fornecedor | E9: =IF(D9="","",IFERROR(VLOOKUP(D9,'Auxiliar'!$A$2:$B$9,2,FALSE),"Não classificado")) | F9: NF 5810 | G9: Pedro Santos - Belo Horizonte | H9: Conta Corrente - Banco Alfa | I9: 3200 | L9: =IF(A9="","",IFERROR(K9-I9,0)) | M9: =IF(A9="","",IF(K9="","Pendente",IF(ABS(L9)<=0.01,"Conciliado","Divergente"))) | N9: Aguardando localização da movimentação no extrato. | O9: =IF(B9="","",TEXT(B9,"mm/aaaa"))
A10: LC-2026-009 | B10: 46272 | C10: Débito | D10: ISS/ICMS | E10: =IF(D10="","",IFERROR(VLOOKUP(D10,'Auxiliar'!$A$2:$B$9,2,FALSE),"Não classificado")) | F10: GARE 09/2026 | G10: Prefeitura de São Paulo | H10: Conta Movimento - Banco Beta | I10: 920 | J10: 46272 | K10: 920 | L10: =IF(A10="","",IFERROR(K10-I10,0)) | M10: =IF(A10="","",IF(K10="","Pendente",IF(ABS(L10)<=0.01,"Conciliado","Divergente"))) | N10: Guia tributária conciliada. | O10: =IF(B10="","",TEXT(B10,"mm/aaaa"))
A11: LC-2026-010 | B11: 46273 | C11: Crédito | D11: Recebimento de cliente | E11: =IF(D11="","",IFERROR(VLOOKUP(D11,'Auxiliar'!$A$2:$B$9,2,FALSE),"Não classificado")) | F11: NFS-e 9894 | G11: Carlos Pereira - Curitiba | H11: Conta Movimento - Banco Beta | I11: 2650 | J11: 46273 | K11: 2650 | L11: =IF(A11="","",IFERROR(K11-I11,0)) | M11: =IF(A11="","",IF(K11="","Pendente",IF(ABS(L11)<=0.01,"Conciliado","Divergente"))) | N11: Recebimento de serviço confirmado. | O11: =IF(B11="","",TEXT(B11,"mm/aaaa"))
E12: =IF(D12="","",IFERROR(VLOOKUP(D12,'Auxiliar'!$A$2:$B$9,2,FALSE),"Não classificado")) | L12: =IF(A12="","",IFERROR(K12-I12,0)) | M12: =IF(A12="","",IF(K12="","Pendente",IF(ABS(L12)<=0.01,"Conciliado","Divergente"))) | O12: =IF(B12="","",TEXT(B12,"mm/aaaa"))
E13: =IF(D13="","",IFERROR(VLOOKUP(D13,'Auxiliar'!$A$2:$B$9,2,FALSE),"Não classificado")) | L13: =IF(A13="","",IFERROR(K13-I13,0)) | M13: =IF(A13="","",IF(K13="","Pendente",IF(ABS(L13)<=0.01,"Conciliado","Divergente"))) | O13: =IF(B13="","",TEXT(B13,"mm/aaaa"))
E14: =IF(D14="","",IFERROR(VLOOKUP(D14,'Auxiliar'!$A$2:$B$9,2,FALSE),"Não classificado")) | L14: =IF(A14="","",IFERROR(K14-I14,0)) | M14: =IF(A14="","",IF(K14="","Pendente",IF(ABS(L14)<=0.01,"Conciliado","Divergente"))) | O14: =IF(B14="","",TEXT(B14,"mm/aaaa"))
E15: =IF(D15="","",IFERROR(VLOOKUP(D15,'Auxiliar'!$A$2:$B$9,2,FALSE),"Não classificado")) | L15: =IF(A15="","",IFERROR(K15-I15,0)) | M15: =IF(A15="","",IF(K15="","Pendente",IF(ABS(L15)<=0.01,"Conciliado","Divergente"))) | O15: =IF(B15="","",TEXT(B15,"mm/aaaa"))
E16: =IF(D16="","",IFERROR(VLOOKUP(D16,'Auxiliar'!$A$2:$B$9,2,FALSE),"Não classificado")) | L16: =IF(A16="","",IFERROR(K16-I16,0)) | M16: =IF(A16="","",IF(K16="","Pendente",IF(ABS(L16)<=0.01,"Conciliado","Divergente"))) | O16: =IF(B16="","",TEXT(B16,"mm/aaaa"))
E17: =IF(D17="","",IFERROR(VLOOKUP(D17,'Auxiliar'!$A$2:$B$9,2,FALSE),"Não classificado")) | L17: =IF(A17="","",IFERROR(K17-I17,0)) | M17: =IF(A17="","",IF(K17="","Pendente",IF(ABS(L17)<=0.01,"Conciliado","Divergente"))) | O17: =IF(B17="","",TEXT(B17,"mm/aaaa"))
E18: =IF(D18="","",IFERROR(VLOOKUP(D18,'Auxiliar'!$A$2:$B$9,2,FALSE),"Não classificado")) | L18: =IF(A18="","",IFERROR(K18-I18,0)) | M18: =IF(A18="","",IF(K18="","Pendente",IF(ABS(L18)<=0.01,"Conciliado","Divergente"))) | O18: =IF(B18="","",TEXT(B18,"mm/aaaa"))
E19: =IF(D19="","",IFERROR(VLOOKUP(D19,'Auxiliar'!$A$2:$B$9,2,FALSE),"Não classificado")) | L19: =IF(A19="","",IFERROR(K19-I19,0)) | M19: =IF(A19="","",IF(K19="","Pendente",IF(ABS(L19)<=0.01,"Conciliado","Divergente"))) | O19: =IF(B19="","",TEXT(B19,"mm/aaaa"))
E20: =IF(D20="","",IFERROR(VLOOKUP(D20,'Auxiliar'!$A$2:$B$9,2,FALSE),"Não classificado")) | L20: =IF(A20="","",IFERROR(K20-I20,0)) | M20: =IF(A20="","",IF(K20="","Pendente",IF(ABS(L20)<=0.01,"Conciliado","Divergente"))) | O20: =IF(B20="","",TEXT(B20,"mm/aaaa"))
E21: =IF(D21="","",IFERROR(VLOOKUP(D21,'Auxiliar'!$A$2:$B$9,2,FALSE),"Não classificado")) | L21: =IF(A21="","",IFERROR(K21-I21,0)) | M21: =IF(A21="","",IF(K21="","Pendente",IF(ABS(L21)<=0.01,"Conciliado","Divergente"))) | O21: =IF(B21="","",TEXT(B21,"mm/aaaa"))
E22: =IF(D22="","",IFERROR(VLOOKUP(D22,'Auxiliar'!$A$2:$B$9,2,FALSE),"Não classificado")) | L22: =IF(A22="","",IFERROR(K22-I22,0)) | M22: =IF(A22="","",IF(K22="","Pendente",IF(ABS(L22)<=0.01,"Conciliado","Divergente"))) | O22: =IF(B22="","",TEXT(B22,"mm/aaaa"))
E23: =IF(D23="","",IFERROR(VLOOKUP(D23,'Auxiliar'!$A$2:$B$9,2,FALSE),"Não classificado")) | L23: =IF(A23="","",IFERROR(K23-I23,0)) | M23: =IF(A23="","",IF(K23="","Pendente",IF(ABS(L23)<=0.01,"Conciliado","Divergente"))) | O23: =IF(B23="","",TEXT(B23,"mm/aaaa"))
... E101: =IF(D101="","",IFERROR(VLOOKUP(D101,'Auxiliar'!$A$2:$B$9,2,FALSE),"Não classificado")) | L101: =IF(A101="","",IFERROR(K101-I101,0)) | M101: =IF(A101="","",IF(K101="","Pendente",IF(ABS(L101)<=0.01,"Conciliado","Divergente"))) | O101: =IF(B101="","",TEXT(B101,"mm/aaaa"))

Sheet Resumo
A1: Painel executivo | Conciliação bancária
D2: Status | E2: Quantidade | G2: Alertas de auditoria | H2: Qtde./Valor
A3: Total de lançamentos | B3: =COUNTA('Lançamentos'!$A$2:$A$101) | D3: Conciliado | E3: =COUNTIF('Lançamentos'!$M$2:$M$101,D3) | G3: Lançamentos divergentes | H3: =COUNTIF('Lançamentos'!$M$2:$M$101,"Divergente")
A4: Total conciliado | B4: =COUNTIF('Lançamentos'!$M$2:$M$101,"Conciliado") | D4: Pendente | E4: =COUNTIF('Lançamentos'!$M$2:$M$101,D4) | G4: Sem correspondência no extrato | H4: =COUNTIFS('Lançamentos'!$A$2:$A$101,"<>",'Lançamentos'!$K$2:$K$101,"")
A5: Total pendente | B5: =COUNTIF('Lançamentos'!$M$2:$M$101,"Pendente") | D5: Divergente | E5: =COUNTIF('Lançamentos'!$M$2:$M$101,D5) | G5: Valor total das diferenças | H5: =SUMIF('Lançamentos'!$M$2:$M$101,"Divergente",'Lançamentos'!$L$2:$L$101)
A6: Total divergente | B6: =COUNTIF('Lançamentos'!$M$2:$M$101,"Divergente")
A7: Percentual conciliado | B7: =IFERROR(B4/B3,0)
A8: Total de créditos internos | B8: =SUMIF('Lançamentos'!$C$2:$C$101,"Crédito",'Lançamentos'!$I$2:$I$101)
A9: Total de débitos internos | B9: =SUMIF('Lançamentos'!$C$2:$C$101,"Débito",'Lançamentos'!$I$2:$I$101)
A10: Diferença total | B10: =SUM('Lançamentos'!$L$2:$L$101)
A11: Média dos lançamentos | B11: =IFERROR(AVERAGE('Lançamentos'!$I$2:$I$101),0)
A15: Categoria | B15: Valor interno (R$) | D15: Mês/Ano | E15: Créditos internos | F15: Débitos internos | G15: Saldo líquido
A16: Receitas | B16: =SUMIF('Lançamentos'!$E$2:$E$101,A16,'Lançamentos'!$I$2:$I$101) | D16: 01/2026 | E16: =SUMIFS('Lançamentos'!$I$2:$I$101,'Lançamentos'!$C$2:$C$101,"Crédito",'Lançamentos'!$O$2:$O$101,D16) | F16: =SUMIFS('Lançamentos'!$I$2:$I$101,'Lançamentos'!$C$2:$C$101,"Débito",'Lançamentos'!$O$2:$O$101,D16) | G16: =E16-F16
A17: Fornecedores | B17: =SUMIF('Lançamentos'!$E$2:$E$101,A17,'Lançamentos'!$I$2:$I$101) | D17: 02/2026 | E17: =SUMIFS('Lançamentos'!$I$2:$I$101,'Lançamentos'!$C$2:$C$101,"Crédito",'Lançamentos'!$O$2:$O$101,D17) | F17: =SUMIFS('Lançamentos'!$I$2:$I$101,'Lançamentos'!$C$2:$C$101,"Débito",'Lançamentos'!$O$2:$O$101,D17) | G17: =E17-F17
A18: Despesas bancárias | B18: =SUMIF('Lançamentos'!$E$2:$E$101,A18,'Lançamentos'!$I$2:$I$101) | D18: 03/2026 | E18: =SUMIFS('Lançamentos'!$I$2:$I$101,'Lançamentos'!$C$2:$C$101,"Crédito",'Lançamentos'!$O$2:$O$101,D18) | F18: =SUMIFS('Lançamentos'!$I$2:$I$101,'Lançamentos'!$C$2:$C$101,"Débito",'Lançamentos'!$O$2:$O$101,D18) | G18: =E18-F18
A19: Impostos | B19: =SUMIF('Lançamentos'!$E$2:$E$101,A19,'Lançamentos'!$I$2:$I$101) | D19: 04/2026 | E19: =SUMIFS('Lançamentos'!$I$2:$I$101,'Lançamentos'!$C$2:$C$101,"Crédito",'Lançamentos'!$O$2:$O$101,D19) | F19: =SUMIFS('Lançamentos'!$I$2:$I$101,'Lançamentos'!$C$2:$C$101,"Débito",'Lançamentos'!$O$2:$O$101,D19) | G19: =E19-F19
A20: Folha e encargos | B20: =SUMIF('Lançamentos'!$E$2:$E$101,A20,'Lançamentos'!$I$2:$I$101) | D20: 05/2026 | E20: =SUMIFS('Lançamentos'!$I$2:$I$101,'Lançamentos'!$C$2:$C$101,"Crédito",'Lançamentos'!$O$2:$O$101,D20) | F20: =SUMIFS('Lançamentos'!$I$2:$I$101,'Lançamentos'!$C$2:$C$101,"Débito",'Lançamentos'!$O$2:$O$101,D20) | G20: =E20-F20
A21: Transferências | B21: =SUMIF('Lançamentos'!$E$2:$E$101,A21,'Lançamentos'!$I$2:$I$101) | D21: 06/2026 | E21: =SUMIFS('Lançamentos'!$I$2:$I$101,'Lançamentos'!$C$2:$C$101,"Crédito",'Lançamentos'!$O$2:$O$101,D21) | F21: =SUMIFS('Lançamentos'!$I$2:$I$101,'Lançamentos'!$C$2:$C$101,"Débito",'Lançamentos'!$O$2:$O$101,D21) | G21: =E21-F21
A22: Não classificado | B22: =SUMIF('Lançamentos'!$E$2:$E$101,A22,'Lançamentos'!$I$2:$I$101) | D22: 07/2026 | E22: =SUMIFS('Lançamentos'!$I$2:$I$101,'Lançamentos'!$C$2:$C$101,"Crédito",'Lançamentos'!$O$2:$O$101,D22) | F22: =SUMIFS('Lançamentos'!$I$2:$I$101,'Lançamentos'!$C$2:$C$101,"Débito",'Lançamentos'!$O$2:$O$101,D22) | G22: =E22-F22
D23: 08/2026 | E23: =SUMIFS('Lançamentos'!$I$2:$I$101,'Lançamentos'!$C$2:$C$101,"Crédito",'Lançamentos'!$O$2:$O$101,D23) | F23: =SUMIFS('Lançamentos'!$I$2:$I$101,'Lançamentos'!$C$2:$C$101,"Débito",'Lançamentos'!$O$2:$O$101,D23) | G23: =E23-F23
D24: 09/2026 | E24: =SUMIFS('Lançamentos'!$I$2:$I$101,'Lançamentos'!$C$2:$C$101,"Crédito",'Lançamentos'!$O$2:$O$101,D24) | F24: =SUMIFS('Lançamentos'!$I$2:$I$101,'Lançamentos'!$C$2:$C$101,"Débito",'Lançamentos'!$O$2:$O$101,D24) | G24: =E24-F24
D25: 10/2026 | E25: =SUMIFS('Lançamentos'!$I$2:$I$101,'Lançamentos'!$C$2:$C$101,"Crédito",'Lançamentos'!$O$2:$O$101,D25) | F25: =SUMIFS('Lançamentos'!$I$2:$I$101,'Lançamentos'!$C$2:$C$101,"Débito",'Lançamentos'!$O$2:$O$101,D25) | G25: =E25-F25
D26: 11/2026 | E26: =SUMIFS('Lançamentos'!$I$2:$I$101,'Lançamentos'!$C$2:$C$101,"Crédito",'Lançamentos'!$O$2:$O$101,D26) | F26: =SUMIFS('Lançamentos'!$I$2:$I$101,'Lançamentos'!$C$2:$C$101,"Débito",'Lançamentos'!$O$2:$O$101,D26) | G26: =E26-F26
D27: 12/2026 | E27: =SUMIFS('Lançamentos'!$I$2:$I$101,'Lançamentos'!$C$2:$C$101,"Crédito",'Lançamentos'!$O$2:$O$101,D27) | F27: =SUMIFS('Lançamentos'!$I$2:$I$101,'Lançamentos'!$C$2:$C$101,"Débito",'Lançamentos'!$O$2:$O$101,D27) | G27: =E27-F27

Sheet Auxiliar
A1: Descrição padrão | B1: Categoria automática | D1: Contas bancárias | F1: Tipos permitidos | H1: Status permitidos
A2: Recebimento de cliente | B2: Receitas | D2: Conta Corrente - Banco Alfa | F2: Crédito | H2: Conciliado
A3: Pagamento de fornecedor | B3: Fornecedores | D3: Conta Movimento - Banco Beta | F3: Débito | H3: Pendente
A4: Tarifa bancária | B4: Despesas bancárias | D4: Conta Aplicação - Banco Alfa | H4: Divergente
A5: DAS/Simples Nacional | B5: Impostos | D5: Caixa Corporativo
A6: ISS/ICMS | B6: Impostos
A7: INSS/FGTS | B7: Folha e encargos
A8: Transferência entre contas | B8: Transferências
A9: Outros | B9: Não classificado
A11: Orientação rápida
A12: Edite as listas de apoio conforme a estrutura financeira da empresa. Mantenha as descrições padronizadas para preservar a classificação automática.

Sheet Instruções
A1: Guia operacional | Conciliação bancária
A3: Aba | B3: Procedimento recomendado
A4: Lançamentos | B4: Registre uma movimentação por linha. Preencha Valor do extrato e Data do extrato somente após localizar a movimentação correspondente no extrato bancário.
A5: Lançamentos | B5: Categoria, Diferença, Status da conciliação e Mês/Ano são calculados automaticamente. Não substitua essas fórmulas nas linhas preparadas.
A6: Lançamentos | B6: Pendente indica ausência de valor do extrato. Divergente indica diferença superior a R$ 0,01 entre o valor interno e o valor do extrato.
A7: Resumo | B7: Acompanhe os indicadores, alertas de auditoria, totais por categoria e comportamento mensal. Os gráficos utilizam a faixa operacional de 100 linhas.
A8: Auxiliar | B8: Atualize descrições padronizadas, categorias, contas, tipos e status quando necessário. A classificação automática usa a tabela de apoio da própria aba.
A9: Controle | B9: Conclua a análise de divergências com base em documentos, comprovantes e extratos. Este arquivo apoia a conferência e não substitui validações contábeis.
A12: Campos de entrada | B12: As células amarelas representam campos editáveis. As células sem preenchimento amarelo possuem fórmulas ou consolidações analíticas.
